 Dungeon Crawl Stone Soup version 0.27-a0-1280-g9d2d252d84 (webtiles) character file.

Game seed: 965034347613479094

70 MordorOrchid the Ducker (level 4, 0/32 HPs)
             Began as a Djinni Earth Elementalist on June 13, 2021.
             Slain by Robin (2 damage)
             ... on level 2 of the Dungeon.
             The game lasted 00:04:28 (2602 turns).

MordorOrchid the Ducker (Djinni Earth Elementalist) Turns: 2602, Time: 00:04:29

Health: 0/32       AC:  2    Str:  7    XL:     4   Next: 45%
Gold:   38         EV: 13    Int: 17    God:
                   SH:  0    Dex: 20

rFire    + + .     SeeInvis .   e - +0 short sword
rCold    x . .     Faith    .   (no shield)
rNeg     . . .     Spirit   .   c - +0 robe
rPois    ∞         Reflect  .   (no helmet)
rElec    .         Harm     .   (no cloak)
rCorr    .         Rampage  .   (no gloves)
Will     .....                  (boots unavailable)
Stlth    ++........             (no amulet)
HPRegen  0.10/turn              o - +6 ring of dexterity
MPRegen  0.00/turn              (no ring)

@: flying
A: sickness immunity, fire resistance 2, cold vulnerability 1, float, innate
caster, hp casting, extra vitality 1
a: no special abilities


You were on level 2 of the Dungeon.
You visited 1 branch of the dungeon, and saw 2 of its levels.

You collected 38 gold pieces.

Inventory:

Hand Weapons
 a - a +0 falchion
 e - a +0 short sword (weapon)
 f - a +0 dagger
Missiles
 b - 4 stones
 i - 29 arrows
 j - 26 bolts
Armour
 c - a +0 robe (worn)
 p - a +0 tower shield
Jewellery
 o - a +6 ring of dexterity (left hand)
Scrolls
 n - a scroll of identify
Potions
 d - a potion of attraction {unknown}
 g - 2 potions of haste
 h - a potion of resistance
 l - a potion of curing {unknown}


   Skills:
 * Level 1.1 Fighting
 * Level 3.1 Dodging
 * Level 2.1 Stealth
 * Level 0.5 Shields
 + Level 2.9 Spellcasting


You couldn't memorise any spells.
You knew the following spells:

 Your Spells              Type           Power      Damage    Failure   Level
a - Sandblast             Erth           24%        2d8       5%          1
b - Freeze                Ice            48%        1d7       5%          1
d - Petrify               Tmut/Erth      12%        N/A       45%         4
f - Stone Arrow           Conj/Erth      24%        3d8       16%         3
v - Lee's Rapid Deconstr  Erth           6%         3d7*      82%         5
w - Passwall              Tmut/Erth      10%        N/A       8%          2
Your spell library was empty.

Dungeon Overview and Level Annotations

Branches:
Dungeon (2/15)

Altars:
Beogh

Annotations:
D:2 1 runed translucent door, exclusion: door, Crazy Yiuf, Robin


Innate Abilities, Weirdness & Mutations

You are immune to sickness and miasma.
You are immune to poison.
Your flesh is very heat resistant. (rF++)
You are vulnerable to cold. (rC-)
You float through the air rather than walking.
You learn spells naturally, not from books.
Your magical power is your life essence.
You have superior vitality. (+4 HP)


Message History

The goblin hits you with a +0 dagger. The goblin closely misses you.
The goblin hits you but does no damage.
The jackal barks!
You hit the goblin.
You kill the goblin!
A jackal comes into view.
The goblin hits you with a +0 dagger.
The goblin shoots a stone.
The stone closely misses you. The goblin hits you with a +0 club.
Robin throws the goblin at you! The goblin barely misses you.
You closely miss the goblin.
The goblin unwields a +0 hunting sling.
The goblin wields a +0 club.
The goblin closely misses you. The goblin barely misses you.
Robin says, "My goblins will feast on your bones."
A jackal comes into view.
The goblin hits you but does no damage.
As you read the scroll labelled IHYAB QEAXKU, it crumbles to dust.
You feel aware of your surroundings.
It was a scroll of magic mapping.
The jackal barks!
The goblin completely misses you. Robin hits you with a +0 whip.
The goblin closely misses you. The goblin hits you with a +0 dagger.
The goblin hits you with a +0 club.
Robin says, "Kneel, worm!"
The goblin barely misses you. The goblin completely misses you.
The jackal bites you.
* * * LOW HITPOINT WARNING * * *
The jackal misses you.
You miss the goblin. The goblin closely misses you. x2
Robin throws the goblin at you!
* * * LOW HITPOINT WARNING * * *
The goblin hits you with a +0 dagger.
* * * LOW HITPOINT WARNING * * *
Unknown command.
As you read the scroll labelled VORASTREMESM, it crumbles to dust.
You hear a loud clanging noise!
It was a scroll of noise.
The jackal bites you but does no damage.
The goblin hits you with a +0 club.
* * * LOW HITPOINT WARNING * * *
The goblin closely misses you. Robin hits you with a +0 whip.
You die...

*,* ######.#*#.#..#.##.##)..# *,*
#...##.# #.#..#.##.##...# *,*
###......###....#.##.##....
*,**###.........<..#÷.#.##.##..##
*,,,.............###.......##..##
*****##.....g.##)###..#.#####...#
###.(.####................#
#.g.####gg##..#.######..#
##.###.g@h##...#.## #..# #.*
#.##g##..###.####..#
#g**#.*#h##.## ##......#
#.*,.,,.h##..###.#####.#
#.*.***..##.#.#.## #.#
*,..***.....##.## ##.#
***,,*#..#***#.# #..#
******,,,,,.# #.######...
*,,,,,,,,,,,* #..........


You could see Robin, 3 jackals and 3 goblins.

Vanquished Creatures
  2 adders (D:2)
  2 bats (D:1)
  2 endoplasms
  3 giant cockroaches (D:1)
  10 goblins
  4 hobgoblins
  5 jackals
  A quokka (D:1)
  8 ball pythons
  4 frilled lizards
  8 rats
49 creatures vanquished.

Notes
Turn   | Place    | Note
-------+----------+-------------------------------------------
     0 | D:1      | MordorOrchid the Djinni Earth Elementalist began the quest
                  | for the Orb.
     0 | D:1      | Reached XP level 1. HP: 15/15 MP: 0/0
   318 | D:1      | Reached XP level 2. HP: 21/21 MP: 0/0
   773 | D:1      | Found a faded altar of an unknown god.
  1157 | D:1      | Reached XP level 3. HP: 17/26 MP: 0/0
  1157 | D:1      | Learned a level 1 spell: Freeze
  1996 | D:2      | Reached skill level 1 in Fighting
  2097 | D:2      | Reached XP level 4. HP: 22/32 MP: 0/0
  2225 | D:2      | Found a runed translucent door.
  2226 | D:2      | Noticed Crazy Yiuf
  2291 | D:2      | Reached skill level 3 in Dodging
  2302 | D:2      | Noticed Robin
  2602 | D:2      | Slain by Robin

Illustrated notes

Levels and vault maps discovered:
D:1:      saegor_arrival_miasma, layout_basic,
          hellmonk_ecumenical_altar_defaced_shrine
D:2:      layout_loops_ring, uniq_crazy_yiuf_cottage, uniq_robin, uniq_sigmund

Skill      XL: |  1  2  3  4 |
---------------+-------------+-----
Stealth        | 2 |  2.1
Fighting       | 1 |  1.1
Dodging        | 3 |  3.1
Shields        | |  0.5
Spellcasting   | |  2.9

Action                   |  1- 3 |  4- 6 || total
-------------------------+-------+-------++-------
Melee: Falchion          |    11 |       ||    11
       Unarmed           |     1 |       ||     1
       Dagger            |    51 |       ||    51
       Short sword       |    41 |    35 ||    76
 Cast: Sandblast         |    27 |       ||    27
  Use: Scroll            |     2 |     2 ||     4
 Stab: Sleeping          |     6 |     2 ||     8
       Distracted        |       |     1 ||     1
Armor: Robe              |    34 |     9 ||    43
Dodge: Dodged            |    94 |    39 ||   133
       Rpst.: Falchion   |     6 |       ||     6

Table legend: (Time is in decaauts)
 A = Elapsed time spent in this place.
 B = Non-inter-level travel time spent in this place.
 C = Inter-level travel time spent in this place.
 D = Time resting spent in this place.
 E = Time spent auto-exploring this place.
 F = Levels seen in this place.
 G = Mean time per level.
                   A        B        C        D        E       F      G
               +--------+--------+--------+--------+--------+-----+--------+
         Total |   2613 |   2548 |     65 |    331 |   1809 |   2 | 1306.5 |
       Dungeon |   2613 |   2548 |     65 |    331 |   1809 |   2 | 1306.5 |
               +--------+--------+--------+--------+--------+-----+--------+

Top non-repeatable levels by time:
     D:1: 1699 daAuts
     D:2: 914 daAuts
